 Dungeon Crawl Stone Soup version 0.31-a0-7-g51783674b7 (webtiles) character file.

Game seed: 9218093911833345538

10058 Dittersdorf the Blocker (level 11, 0/73 HPs)
             Began as a Gargoyle Fighter on May 5, 2023.
             Was a Follower of Qazlal.
             Slain by an orc knight
             ... wielding a +0 long sword
              (14 damage)
             ... on level 9 of the Dungeon.
             The game lasted 00:12:25 (9597 turns).

Dittersdorf the Blocker (Gargoyle Fighter)          Turns: 9597, Time: 00:12:26

Health: 0/73       AC: 28    Str: 24    XL:     11   Next: 56%
Magic:  11/11      EV:  8    Int:  9    God:    Qazlal [*.....]
Gold:   634        SH:  8    Dex: 15    Spells: 10/10 levels left

rFire   + . .        w - +8 hammer of Peace {speed, rN+}
rCold   . . .        c - +0 buckler
rNeg    + + .        t - +2 chain mail {rF+}
rPois   ∞            q - +1 helmet
rElec   +            v - +0 cloak
rCorr   .            j - +0 pair of gloves
SInv    +            B - +0 pair of boots
Will    .....        (no amulet) Stlth
                     u - +6 ring of dexterity
HPRegen 0.32/turn    A - ring of see invisible
MPRegen 0.12/turn

%: no passive effects
@: no status effects
A: sickness immunity, AC +8, negative energy resistance 1, electricity
resistance, torment resistance 1, petrification resistance
a: Renounce Religion


You were on level 9 of the Dungeon.
You worshipped Qazlal.
Qazlal was aware of your devotion.
You visited 2 branches of the dungeon, and saw 11 of its levels.

You collected 634 gold pieces.

Inventory:

Hand Weapons
 a - a +1 flail
 w - the +8 hammer of Peace (weapon) {speed, rN+}
   (You found it on level 2 of the Dungeon)

   rN:        It protects you from negative energy.
Armour
 c - a +0 buckler (worn)
 j - a +0 pair of gloves (worn)
 q - a +1 helmet (worn)
 t - a +2 chain mail of fire resistance (worn)
 v - a +0 cloak (worn)
 B - a +0 pair of boots (worn)
Jewellery
 u - a +6 ring of dexterity (left hand)
 A - a ring of see invisible (right hand)
Wands
 b - a wand of iceblast (13)
 s - a wand of digging (13)
 D - a wand of flame (9)
Scrolls
 f - 4 scrolls of enchant weapon
 k - 2 scrolls of teleportation
 n - a scroll of enchant armour
 x - a scroll of fog
 y - a scroll of magic mapping
 C - a scroll of blinking
 E - a scroll of fear
Potions
 d - 3 potions of might
 e - a potion of brilliance
 g - 5 potions of curing {unknown}
 h - 5 potions of heal wounds {unknown}
 i - 4 potions of mutation {unknown}
 l - 2 potions of attraction {unknown}
 m - 3 potions of haste {unknown}
 o - 2 potions of resistance {unknown}
 p - 2 potions of magic {unknown}
 r - 3 potions of flight
 z - a potion of invisibility


   Skills:
 + Level 10.4 Fighting
 + Level 9.2 Maces & Flails
 + Level 10.4 Armour
 + Level 10.4 Shields


You had 10 spell levels left.
You didn't know any spells.
Your spell library contained the following spells:

 Spells                   Type           Power      Damage    Failure   Level
 Freeze                   Ice            0%         1d3       89%         1
 Kiss of Death            Conj/Necr      0%         2d5       89%         1
 Sandblast                Erth           0%         2d4       89%         1
 Blink                    Tloc           0%         N/A       96%         2
 Passwall                 Tmut/Erth      0%         N/A       96%         2
 Scorch                   Fire           0%         2d5       96%         2
 Confusing Touch          Hex            0%         N/A       99%         3
 Frozen Ramparts          Ice            0%         1d1       99%         3
 Hailstorm                Conj/Ice       0%         3d3       99%         3
 Stone Arrow              Conj/Erth      0%         3d7       99%         3
 Dispel Undead            Necr           0%         3d6       100%        4
 Flame Wave               Conj/Fire      0%         2d4       100%        4
 Ice Form                 Ice/Tmut       0%         N/A       100%        4
 Manifold Assault         Tloc           0%         N/A       100%        4
 Summon Ice Beast         Ice/Summ       0%         N/A       100%        4
 Conjure Ball Lightning   Conj/Air       0%         3x3d6     100%        6
 Summon Cactus Giant      Summ           0%         N/A       100%        6
 Storm Form               Tmut/Air       0%         N/A       100%        7
 Discord                  Hex            0%         N/A       100%        8
 Disjunction              Tloc           0%         N/A       100%        8


Dungeon Overview and Level Annotations

Branches:
Dungeon (10/15)            Temple (1/1) D:7             Orc (0/2) D:9
   Lair: D:8-11

Altars:
Ashenzari
Cheibriados
Dithmenos
Elyvilon
Fedhas
Gozag
Hepliaklqana
Kikubaaqudgha
Makhleb
Nemelex Xobeh
Okawaru
Qazlal
Ru
Sif Muna
Trog
Uskayaw
Vehumet
Wu Jian
Xom
Yredelemnul
Zin
The Shining One

Shops:
D:4 *   D:6 :   D:7 :


Innate Abilities, Weirdness & Mutations

You are immune to sickness and miasma.
Your stone body is resilient. (AC +8)
You are immune to poison.
You resist negative energy. (rN+)
You are resistant to electric shocks. (rElec)
You are resistant to unholy torment.
You are immune to petrification.


Message History

You sock the orc knight!
The orc knight is moderately wounded.
The orc knight barely misses you.
You sock the orc knight!
The orc knight is moderately wounded.
The orc knight hits you with a +0 long sword.
* * * LOW HITPOINT WARNING * * *
There is a staircase to the Orcish Mines here.
The orc knight hits you but does no damage.
You barely miss the orc knight.
The orc knight is moderately wounded.
You sock the orc knight!
The orc knight is heavily wounded.
The orc knight hits you but does no damage.
You hit the orc knight but do no damage.
The orc knight is heavily wounded.
The orc knight hits you but does no damage.
You hit the orc knight.
The orc knight is heavily wounded.
You hit the orc knight.
The orc knight is heavily wounded.
The orc knight hits you with a +0 long sword.
* * * LOW HITPOINT WARNING * * *
You sock the orc knight!
The orc knight is severely wounded.
The orc knight attacks as you move away!
The orc knight hits you with a +0 long sword.
* * * LOW HITPOINT WARNING * * *
The orc knight attacks as you move away!
The orc knight hits you but does no damage.
You hit the orc knight but do no damage.
The orc knight is severely wounded.
The orc knight hits you but does no damage.
You hit the orc knight.
The orc knight is severely wounded.
The orc knight hits you but does no damage.
You hit the orc knight.
The orc knight is severely wounded.
The orc knight hits you with a +0 long sword!
You die...

##### ###### ###≈§§## #.##.#
###>≈≈§≈§# ####§...# #>#.≈≈≈≈≈#
##§§≈....####.##≈≈≈≈≈#
#≈§≈§≈....##..#.#§≈≈#
#§§≈§≈..)#.##.>...# ###
#≈≈≈≈≈....#####.@####.#
##≈≈≈....###.#...o...############
####.....##..#...#.#....#...#≈≈≈
###...#####......#.......##≈≈≈§
###..#.##.# #.....>........#.§≈≈§
#.....##..###.............#..≈≈≈§
#.....................###...#.≈§≈
.#....................# #..#..§##
...............###....###.#....##


You could see an orc knight.

Vanquished Creatures
  A hydra (D:10)
  3 two-headed ogres
  Maggie (D:7)
  A kobold demonologist (D:10)
  A troll (D:10)
  A polar bear (D:8)
  2 hornets
  Prince Ribbit (D:7)
  A shadow (D:7)
  A wyvern (D:8)
  5 yaks (D:8)
  Grum (D:8)
  2 vampire mosquitoes (D:10)
  A water moccasin (D:7)
  A sky beast (D:7)
  4 ice beasts
  2 orc warriors
  3 ogres
  5 centaurs
  4 wolves (D:8)
  A phantom (D:5)
  A kobold brigand (D:9)
  2 gnoll sergeants
  4 bullfrogs
  3 scorpions
  4 wights (D:5)
  4 killer bees (D:8)
  A howler monkey (D:9)
  5 electric eels (D:8)
  2 lava snakes (D:9)
  2 wyvern simulacra (D:8)
  7 orc priests
  Crazy Yiuf (D:2)
  7 hounds
  A sleepcap (D:7)
  6 iguanas
  Terence (D:2)
  Ijyb (D:3)
  20 orc wizards
  A killer bee simulacrum (D:8)
  Robin (D:2)
  11 gnolls
  9 adders
  A shadow imp (D:8)
  A howler monkey simulacrum (D:8)
  5 white imps
  2 ufetubi
  3 worms
  4 dart slugs
  45 orcs
  7 ball pythons
  3 endoplasms
  3 giant cockroaches
  9 goblins
  5 hobgoblins
  8 jackals
  3 quokkas
  3 bats
  2 frilled lizards (D:2)
  8 kobolds
  5 rats
253 creatures vanquished.

Vanquished Creatures (others)
  12 plants (D:8)
12 creatures vanquished.

Grand Total: 265 creatures vanquished

Notes
Turn   | Place    | Note
-------+----------+-------------------------------------------
     0 | D:1      | Dittersdorf the Gargoyle Fighter began the quest for the
                  | Orb.
     0 | D:1      | Reached XP level 1. HP: 14/14 MP: 1/1
   164 | D:1      | Reached XP level 2. HP: 18/19 MP: 2/2
   587 | D:1      | Reached XP level 3. HP: 23/23 MP: 3/3
  1051 | D:2      | Noticed Robin
  1072 | D:2      | Killed Robin
  1257 | D:2      | Noticed Terence
  1547 | D:2      | Reached XP level 4. HP: 29/29 MP: 4/4
  1652 | D:2      | Killed Terence
  1706 | D:2      | Found a runed translucent door.
  1707 | D:2      | Noticed Crazy Yiuf
  1990 | D:2      | HP: 1/29 [Crazy Yiuf/+3 quarterstaff of chaos (8)]
  1994 | D:2      | Killed Crazy Yiuf
  1995 | D:2      | Reached XP level 5. HP: 2/33 MP: 5/5
  2050 | D:2      | Identified the +8 hammer of Peace {speed, rN+}
  2258 | D:3      | Noticed Ijyb
  2272 | D:3      | Killed Ijyb
  3076 | D:4      | Reached XP level 6. HP: 39/39 MP: 6/6
  3153 | D:4      | Found Ydah's Fire Supplies.
  3262 | D:4      | Reached skill level 5 in Fighting
  3262 | D:4      | Reached skill level 5 in Armour
  3262 | D:4      | Reached skill level 5 in Shields
  3358 | D:4      | Reached XP level 7. HP: 44/44 MP: 7/7
  3641 | D:5      | Entered Level 5 of the Dungeon
  3756 | D:5      | Found a bloodstained altar of Trog.
  3876 | D:5      | Reached XP level 8. HP: 37/51 MP: 8/8
  3974 | D:5      | Found a hazy altar of Hepliaklqana.
  4213 | D:5      | Reached skill level 5 in Maces & Flails
  4434 | D:6      | Found Hiokoisa's Tiny Tomes.
  4464 | D:6      | Found a broken altar of Ashenzari.
  4821 | D:6      | Reached XP level 9. HP: 56/56 MP: 9/9
  5288 | D:7      | Found a white marble altar of Elyvilon.
  5372 | D:7      | Noticed Prince Ribbit
  5373 | D:7      | Found a staircase to the Ecumenical Temple.
  5415 | D:7      | Killed Prince Ribbit
  5428 | Temple   | Entered the Ecumenical Temple
  5635 | D:7      | Noticed Maggie
  5655 | D:7      | Killed Maggie
  5748 | D:7      | Identified the +1 sling of Departure {heavy, *Slow rCorr
                  | Str+5 Int+2}
  5851 | D:7      | Found Ugowem's Vocational Training.
  6478 | D:8      | Noticed a polar bear
  6490 | D:8      | Killed a polar bear
  6491 | D:8      | Reached XP level 10. HP: 63/64 MP: 10/10
  6708 | D:8      | Found a sacrificial altar of Ru.
  7019 | D:8      | Noticed Grum
  7070 | D:8      | HP: 1/65 [Grum/+1 antimagic halberd (8)]
  7075 | D:8      | HP: 2/65 [wolf[Grum] (1)]
  7320 | D:8      | Killed Grum
  7745 | D:8      | Found a glowing silver altar of Zin.
  8432 | D:9      | Noticed a two-headed ogre
  8445 | D:9      | Killed a two-headed ogre
  8446 | D:9      | Reached XP level 11. HP: 72/72 MP: 11/11
  8486 | D:9      | Found a staircase to the Orcish Mines.
  8534 | D:9      | Found a basalt altar of Yredelemnul.
  8534 | D:9      | Found a stormy altar of Qazlal.
  8539 | D:9      | Found an opulent altar of Gozag.
  8542 | D:9      | Found a glowing golden altar of the Shining One.
  8543 | D:9      | Found a sparkling altar of Nemelex Xobeh.
  8548 | D:9      | Found a shimmering blue altar of Sif Muna.
  8549 | D:9      | Found a shadowy altar of Dithmenos.
  8570 | D:9      | Became a worshipper of Qazlal Stormbringer
  9085 | D:10     | Entered Level 10 of the Dungeon
  9090 | D:10     | Noticed a two-headed ogre
  9111 | D:10     | Killed a two-headed ogre
  9112 | D:10     | Reached skill level 10 in Fighting
  9112 | D:10     | Reached skill level 10 in Armour
  9112 | D:10     | Reached skill level 10 in Shields
  9203 | D:10     | Found an iron altar of Okawaru.
  9443 | D:10     | Noticed a two-headed ogre
  9448 | D:10     | Killed a two-headed ogre
  9462 | D:10     | Reached * piety under Qazlal
  9545 | D:10     | Noticed an eight-headed hydra
  9545 | D:10     | Noticed an orc knight
  9547 | D:10     | Noticed an ogre mage
  9549 | D:10     | Noticed a cyclops
  9557 | D:10     | Killed an eight-headed hydra
  9597 | D:9      | Slain by an orc knight

Illustrated notes

Levels and vault maps discovered:
D:1:      giann_horns, layout_basic
D:2:      layout_basic, uniq_crazy_yiuf_cottage, uniq_robin, uniq_terence
D:3:      layout_basic, uniq_ijyb
D:4:      layout_rooms, nicolae_shop_fire_sale [nicolae_sub_dead_trees]
D:5:      layout_basic, lemuel_doored_altar, mainiacjoe_overflow_brackets
D:6:      layout_cave_pools, evilmike_ruin_ashenzari,
          nicolae_shop_i_like_small_books_too
D:7:      layout_loops_ring, mainiacjoe_overflow_six_doors_small,
          minmay_temple_entry_wispy, grunt_ministairs_13, st_stairs_3,
          nicolae_shop_vocational, uniq_prince_ribbit1, uniq_maggie
D:8:      layout_loops_ring, lemuel_crystal_altar,
          mainiacjoe_overflow_tiny_flanked, serial_ice, serial_ice_b,
          serial_ice_i, serial_ice_c, serial_ice_o, serial_bayou_lagoon_b,
          uniq_grum
D:9:      layout_big_octagon, nicolae_overflow_hallway_of_the_gods
D:10:     minmay_the_grid_plus_closed [minmay_the_grid_outer_diamond,
          minmay_the_grid_minigrid_large, minmay_the_grid_zigzag_pyramid,
          minmay_the_grid_pillar_ring, minmay_the_grid_prize_trominoes],
          layout_loops_ring, okawaru_ov_weapons_minmay, minmay_misc_feat_chi
Temple:   nicolae_temple_godpark

Skill      XL: |  1  2  3  4  5  6  7  8  9 10 11 |
---------------+----------------------------------+-----
Fighting       | 4 5 6 8 9 10 | 10.4
Armour         | 4 5 6 8 9 10 | 10.4
Shields        | 4 5 6 8 9 10 | 10.4
Maces & Flails | 3 4 5 7 8 9 |  9.2

Action                     |  1- 3 |  4- 6 |  7- 9 | 10-12 || total
---------------------------+-------+-------+-------+-------++-------
  Melee: Flail             |   136 |    36 |       |       ||   172
         Mace              |       |   131 |   247 |   390 ||   768
    Use: Scroll            |       |     8 |     6 |     6 ||    20
 Armour: Chain mail        |    93 |    70 |   110 |   222 ||   495
  Dodge: Dodged            |    59 |    41 |    65 |   122 ||   287
  Block: Buckler           |    38 |    43 |    58 |   110 ||   249

Table legend: (Time is in decaauts)
 A = Elapsed time spent in this place.
 B = Non-inter-level travel time spent in this place.
 C = Inter-level travel time spent in this place.
 D = Time resting spent in this place.
 E = Time spent auto-exploring this place.
 F = Levels seen in this place.
 G = Mean time per level.
                   A        B        C        D        E       F      G
               +--------+--------+--------+--------+--------+-----+--------+
         Total |   9466 |   9131 |    335 |   1713 |   5520 |  11 |  860.5 |
       Dungeon |   9321 |   9000 |    321 |   1713 |   5399 |  10 |  932.1 |
        Temple |    145 |    131 |     14 |      0 |    120 |   1 |  145.0 |
               +--------+--------+--------+--------+--------+-----+--------+

Top non-repeatable levels by time:
     D:8: 1856 daAuts
     D:7: 1214 daAuts
     D:2: 1148 daAuts
     D:1: 1047 daAuts
     D:3: 857 daAuts
     D:5: 795 daAuts
     D:9: 743 daAuts
     D:6: 606 daAuts
     D:4: 593 daAuts
    D:10: 458 daAuts
  Temple: 145 daAuts
